 Dungeon Crawl Stone Soup version 0.31.0-11-ge490571c62 (webtiles) character file.

Game seed: 16343633781936840436

28 qw the Shooter (level 3, 0/18 HPs)
             Began as a Spriggan Hunter on Feb 4, 2024.
             Slain by a goblin
             ... wielding a +1 dagger of venom
             ... led by Robin
              (2 damage)
             ... on level 2 of the Dungeon.
             The game lasted 00:00:16 (598 turns).

qw the Shooter (Spriggan Hunter)                     Turns: 598, Time: 00:00:17

Health: 0/18       AC:  2    Str:  7    XL:     3   Next: 0%
Magic:  4/4        EV: 24    Int: 10    God:
Gold:   87         SH:  0    Dex: 20    Spells: 2/2 levels left

rFire   . . .        a - +2 shortbow
rCold   . . .        (shield currently unavailable)
rNeg    . . .        c - +0 robe
rPois   .            (helmet restricted)
rElec   .            (no cloak)
rCorr   .            (gloves unavailable)
SInv    +            (boots unavailable)
Will    .....        f - amulet of the acrobat
Stlth   ++           j - +5 ring of evasion
HPRegen 0.23/turn    (no ring)
MPRegen 0.09/turn

%: acrobat
@: lethally poisoned (0 -> -5), about to teleport, very quick
A: very small, no large weapons, unfitting armour, see invisible, speed 3
a: no special abilities


You were on level 2 of the Dungeon.
You visited 1 branch of the dungeon, and saw 2 of its levels.

You collected 87 gold pieces.


Innate Abilities, Weirdness & Mutations

You are very small and have problems with some larger weapons.
You are too small for most types of armour.
You have supernaturally acute eyesight. (SInv)
You cover ground extremely quickly. (Speed+++)


   Skills:
 - Level 1.5 Fighting
 + Level 4.4 Ranged Weapons
 - Level 4.0 Dodging
 - Level 1.5 Stealth


You had 2 spell levels left.
You didn't know any spells.
Your spell library was empty.

Inventory:

Hand Weapons
 a - a +2 shortbow (weapon)
Armour
 c - a +0 robe (worn)
Jewellery
 f - an amulet of the acrobat (around neck)
 g - a +6 ring of intelligence
 j - a +5 ring of evasion (left hand)
Scrolls
 b - a scroll of acquirement {unknown}
 h - a scroll of identify {unknown}
Potions
 d - a potion of might {unknown}
 e - a potion of brilliance {unknown}
 i - a potion of lignification {unknown}

Dungeon Overview and Level Annotations

Branches:
Dungeon (2/15)

Altars:

Annotations:
D:2 Robin


Message History

The goblin misses you.
The goblin unwields a +0 sling.
The goblin wields a +1 dagger of venom.
It begins to drip with poison!
The goblin completely misses you.
Enter note:
Enter note:
Enter note:
Enter note:
593 ||| RETREEEEATING.
Robin attacks as they pursue you! Robin completely misses you.
The goblin attacks as it pursues you! The goblin completely misses you.
Enter note:
Enter note:
594 ||| RETREEEEATING.
The goblin hits you with a +1 dagger of venom.
You are lethally poisoned!
Enter note:
Enter note:
595 ||| RETREEEEATING.
You feel sick. Robin throws the goblin at you!
You shoot an arrow. The arrow closely misses the goblin.
You feel very sick. The goblin hits you but does no damage.
Robin says, "We wiped out the hill dwarves - you're next!"
The goblin closely misses you.
You shoot an arrow. The arrow hits the goblin!
You kill the goblin!
You feel very sick.
Robin roars a battlecry!
The goblins go into a battle-frenzy!
The goblin completely misses you.
You have reached level 3!
Your experience leads to an increase in your attributes!
Increase (S)trength, (I)ntelligence, or (D)exterity?
You feel agile. x2
598 ||| READING scroll of teleportation.
As you read the scroll of teleportation, it crumbles to dust.
You feel strangely unstable.
You feel sick.
The goblin hits you with a +1 dagger of venom.
You die...

### #......#.#
#....#.#.# ###
........#<..#.g. ..
.....#+#+###.#.#
..##.....#.......).#
..#......#....##g#####.#
..#.....##... +ggg.....#
..#....###.. ##g#######
..#......#. #@#
..#......# #)#
..'......+ ..#
..#.....^# ####
..#......# ..#......#+
..#........ ###........
...........


You could see Robin and 4 goblins.

Vanquished Creatures
  A dart slug (D:2)
  A bat (D:1)
  3 endoplasms
  2 giant cockroaches
  3 goblins (D:2)
  3 hobgoblins
  3 jackals (D:1)
  A quokka (D:1)
  A frilled lizard (D:2)
  4 rats
22 creatures vanquished.

Notes
Turn   | Place    | Note
-------+----------+-------------------------------------------
     0 | D:1      | qw the Spriggan Hunter began the quest for the Orb.
     0 | D:1      | Reached XP level 1. HP: 10/10 MP: 2/2
     0 | D:1      | 0 ||| qw: Version: 0.3-a-160-g6735b56
     0 | D:1      | 0 ||| qw: Game counter: 5972
     0 | D:1      | 0 ||| qw: Melee chars always use a shield: true
     0 | D:1      | 0 ||| qw: God list: Okawaru
     0 | D:1      | 0 ||| qw: Allow faded altars: false
     0 | D:1      | 0 ||| qw: Do Orc after clearing Dungeon:15 true
     0 | D:1      | 0 ||| qw: Do second Lair branch before Depths: true
     0 | D:1      | 0 ||| qw: Lair rune preference: random
     0 | D:1      | 0 ||| qw: Goals: Normal
     0 | D:1      | 0 ||| PLANNING D:1-11
    34 | D:1      | Reached skill level 3 in Dodging
   117 | D:1      | Reached XP level 2. HP: 14/14 MP: 3/3
   423 | D:1      | 423 ||| UPGRADING to amulet of the acrobat.
   428 | D:1      | 428 ||| UPGRADING to +5 ring of evasion.
   429 | D:1      | 429 ||| READING 2 scrolls labelled BANOUF UNEIHU.
   430 | D:1      | 430 ||| READING 2 scrolls labelled GONASEAPRA.
   430 | D:1      | 430 ||| ENCHANTING +0 shortbow.
   431 | D:1      | 431 ||| READING scroll of enchant weapon.
   431 | D:1      | 431 ||| ENCHANTING +1 shortbow.
   432 | D:1      | 432 ||| READING scroll labelled OVICOSS DUDOA.
   433 | D:1      | 433 ||| READING 2 scrolls labelled BIFUONAETUA.
   438 | D:1      | 438 ||| DROPPING scroll of butterflies.
   439 | D:1      | 439 ||| DROPPING scroll of noise.
   589 | D:2      | Noticed Robin
   592 | D:2      | 592 ||| RETREEEEATING.
   593 | D:2      | 593 ||| RETREEEEATING.
   594 | D:2      | 594 ||| RETREEEEATING.
   595 | D:2      | 595 ||| RETREEEEATING.
   597 | D:2      | HP: 2/14 [poisoned by a goblin]
   598 | D:2      | Reached XP level 3. HP: 3/18 MP: 4/4
   598 | D:2      | 598 ||| READING scroll of teleportation.
   598 | D:2      | Slain by a goblin

Levels and vault maps discovered:
D:1:      kennysheep_arrival_seaside, layout_rooms
D:2:      layout_basic, uniq_robin, uniq_terence

Skill      XL: |  1  2 |
---------------+-------+-----
Dodging        | 3 4 |  4.0
Fighting       | |  1.5
Ranged Weapons | |  4.4
Stealth        | |  1.5

Action                     || total
---------------------------++-------
   Fire: Shortbow          ||    53
    Use: Scroll            ||     6
 Armour: Robe              ||     8
  Dodge: Dodged            ||    21

Table legend:
 A = Non-vault XP
 B = Vault XP
 C = Vault XP percentage of total XP
 D = Non-vault monster count
 E = Vault monster count
 F = Vault count percentage of total count
                 A         B        C        D         E       F
            +---------+---------+-------+---------+---------+-------
      Total |      35 |       6 |  14.6 |      19 |       3 |  13.6
            +---------+---------+-------+---------+---------+-------
        D:1 |      21 |       0 |   0.0 |      12 |       0 |   0.0
        D:2 |      14 |       6 |  30.0 |       7 |       3 |  30.0
            +---------+---------+-------+---------+---------+-------
